 Dungeon Crawl Stone Soup version 0.28.0-49-g6dfe1f597d (webtiles) character file.

Game seed: 15351539446013284608

99 Zeld the Magician (level 4, -1/24 HPs)
             Began as a Deep Elf Fire Elementalist on May 19, 2022.
             Killed from afar by an orc wizard (9 damage)
             ... with a puff of flame
             ... on level 3 of the Dungeon.
             The game lasted 00:02:10 (3157 turns).

Zeld the Magician (Deep Elf Fire Elementalist)      Turns: 3157, Time: 00:02:11

Health: -1/24      AC:  3    Str:  5    XL:     4   Next: 45%
Magic:  7/12       EV: 13    Int: 22    God:
Gold:   63         SH:  0    Dex: 15    Spells: 8/11 levels left

rFire   . . .      SeeInvis +   (no weapon)
rCold   . . .      Faith    .   (no shield)
rNeg    . . .      Spirit   .   a - +0 robe
rPois   .          Reflect  .   (no helmet)
rElec   .          Harm     .   (no cloak)
rCorr   .          Rampage  .   (no gloves)
Will    .....                   p - +0 pair of boots
Stlth   ++........              (no amulet)
HPRegen 0.08/turn               f - ring of see invisible
MPRegen 0.13/turn               (no ring)

@: no status effects
A: no striking features
a: no special abilities


You were on level 3 of the Dungeon.
You visited 1 branch of the dungeon, and saw 3 of its levels.

You collected 148 gold pieces.
You spent 85 gold pieces at shops.

Inventory:

Armour
 a - a +0 robe (worn)
 p - a +0 pair of boots (worn)
Jewellery
 f - a ring of see invisible (left hand)
Scrolls
 b - a scroll of amnesia {unknown}
 c - a scroll of magic mapping {unknown}
 g - a scroll of torment {unknown}
 i - a scroll of acquirement {unknown}
 k - 2 scrolls of identify
 l - a scroll of fear
 m - 2 scrolls of teleportation
Potions
 d - 3 potions of curing {unknown}
 e - 2 potions of heal wounds {unknown}
 h - a potion of degeneration {unknown}
 j - a potion of mutation {unknown}
 o - a potion of might {unknown}


   Skills:
 + Level 3.3 Dodging
 - Level 2.4 Stealth
 * Level 4.4 Spellcasting
 + Level 2.0 Conjurations
 * Level 4.2 Fire Magic


You had 8 spell levels left.
You knew the following spells:

 Your Spells              Type           Power      Damage    Failure   Level
a - Foxfire               Conj/Fire      72%        2x1d7     3%          1
b - Scorch                Fire           46%        2d7       2%          2

Your spell library contained the following spells:

 Spells                   Type           Power      Damage    Failure   Level
 Conjure Flame            Conj/Fire      18%        6-21      9%          3
 Summon Small Mammal      Summ           16%        N/A       11%         1
 Static Discharge         Conj/Air       9%         N/A       11%         2
 Inner Flame              Hex/Fire       14%        N/A       14%         3
 Flame Wave               Conj/Fire      18%        2d6       28%         4
 Call Canine Familiar     Summ           4%         N/A       32%         3
 Summon Guardian Golem    Hex/Summ       4%         N/A       32%         3
 Lightning Bolt           Conj/Air       4%         1d16      89%         5
 Maxwell's Capacitive Co  Air            2%         ∞         100%        8


Dungeon Overview and Level Annotations

Branches:
Dungeon (3/15)

Altars:

Shops:
D:2 ?


Message History

The orc moves out of view.
The orc shouts!
The orc hits you from afar with a +0 trident!
The orc hits you with a +0 mace.
You are too injured to fight recklessly!
Casting: Scorch (safe; 3% risk of failure)
Confirm with . or Enter, or press ? or * to list all spells.
Flames lash the orc.
You kill the orc!
The orc completely misses you. The orc hits you with a +0 mace.
* * * LOW HITPOINT WARNING * * *
You have reached level 4!
You feel clever.
An orc wizard comes into view. It is wielding a +0 dagger.
Casting: Scorch (safe; 3% risk of failure)
Confirm with . or Enter, or press ? or * to list all spells.
Flames lash the orc priest.
The orc priest is severely wounded.
The orc priest's fire resistance burns away.
The orc priest closely misses you.
Unknown command.
Casting: Scorch (safe; 3% risk of failure)
Confirm with . or Enter, or press ? or * to list all spells.
Flames lash the orc.
You kill the orc!
The orc priest completely misses you.
Unknown command.
Casting: Scorch (safe; 3% risk of failure)
Confirm with . or Enter, or press ? or * to list all spells.
Flames lash the orc priest.
The orc priest is burned terribly!
You kill the orc priest!
Your Conjurations skill increases to level 2!
Unknown command.
The orc wizard casts a spell.
The orc wizard flickers and vanishes for a moment.
The orc wizard gestures at you while chanting.
You resist with some effort.
The orc wizard points at you and mumbles some strange words.
The puff of flame hits you!
You die...

#...#### ..###.#...#..####
#...# #...###.#...#.....##
#...# #...#...#......#.##
#...# ##...#............#
#...# ..............#####
##...###..................###
..........
...............#....
.......... .#>......)...#.##.
.......... ##@.).......#.##.
##...##### ##.###.....#<##.
#...# ##.oo########.. .##
#...# ##.#.#.#######.###.#
#...# #.##........#...)...
#...# ##.###.####.#.##....
##.#.## #.#.##.##. ##.##
#.o....#.. ### ###.#...#.


You could see an orc wizard (invisible) and an orc.

Vanquished Creatures
  An orc priest (D:3)
  An adder (D:2)
  3 dart slugs
  2 orcs (D:3)
  7 endoplasms
  A giant cockroach (D:2)
  6 goblins (D:1)
  6 hobgoblins (D:1)
  3 jackals (D:3)
  A quokka (D:1)
  4 ball pythons
  6 bats
  A frilled lizard (D:1)
  7 kobolds
  A rat (D:1)
50 creatures vanquished.

Vanquished Creatures (others)
  23 foxfires
23 creatures vanquished.

Grand Total: 73 creatures vanquished

Notes
Turn   | Place    | Note
-------+----------+-------------------------------------------
     0 | D:1      | Zeld the Deep Elf Fire Elementalist began the quest for the
                  | Orb.
     0 | D:1      | Reached XP level 1. HP: 10/10 MP: 6/6
   327 | D:1      | Reached XP level 2. HP: 15/15 MP: 2/8
   330 | D:1      | Learned a level 2 spell: Scorch
  1021 | D:1      | Reached XP level 3. HP: 12/19 MP: 0/10
  1883 | D:2      | Found a faded altar of an unknown god.
  2098 | D:2      | Identified the +3 leather armour of Context {Will+}
  2240 | D:2      | Found Lowi Lon's Magic Scroll Shop.
  2249 | D:2      | Bought a scroll of identify for 20 gold pieces
  2249 | D:2      | Bought a scroll of fear for 35 gold pieces
  2249 | D:2      | Bought a scroll of teleportation for 30 gold pieces
  3122 | D:3      | Reached XP level 4. HP: 5/24 MP: 9/12
  3157 | D:3      | Killed from afar by an orc wizard

Illustrated notes

Levels and vault maps discovered:
D:1:      minmay_arrival_jagged, layout_loops_corners,
          chequers_serial_rivers_micro_a
D:2:      layout_loops_ring, serial_shops, nicolae_lakefront_shop,
          hellmonk_ecumenical_altar_crossroads, due_unseen_surprise
D:3:      layout_loops_cross, hangedman_decor_points

Skill      XL: |  1  2  3  4 |
---------------+-------------+-----
Dodging        | 3 |  3.3
Spellcasting   | 4 |  4.4
Fire Magic     | 4 |  4.2
Conjurations   | 2 |  2.0
Stealth        | |  2.4

Action                   |  1- 3 |  4- 6 || total
-------------------------+-------+-------++-------
Melee: Unarmed           |    18 |       ||    18
 Cast: Foxfire           |    18 |       ||    18
       Scorch            |    45 |     3 ||    48
 Stab: Sleeping          |     2 |       ||     2
Armor: Robe              |     4 |       ||     4
Dodge: Dodged            |    24 |     2 ||    26
